 Dungeon Crawl Stone Soup version 0.30.0-13-g156ef70053 (webtiles) character file.

Game seed: 689566740540319692

31476 SnakkuSnakku7 the Impaler (level 13, -2/70 HPs)
             Began as a Tengu Hexslinger on May 18, 2023.
             Was a High Priest of Zin.
             Slain by a blink frog (7 damage)
             ... on level 5 of the Lair of Beasts.
             The game lasted 00:20:07 (13903 turns).

SnakkuSnakku7 the Impaler (Tengu Hexslinger)       Turns: 13903, Time: 00:20:07

Health: -2/70      AC: 16    Str: 15    XL:     13   Next: 58%
Magic:  0/15       EV: 13    Int: 14    God:    Zin [*****.]
Gold:   762        SH:  0    Dex: 15    Spells: 14/14 levels left

rFire   + . .        a - +5 glaive of the Guard {elec, spectral, AC+5}
rCold   + . .        (shield currently unavailable)
rNeg    . . .        A - +0 swamp dragon scales
rPois   +            (helmet restricted)
rElec   .            j - +2 cloak
rCorr   .            f - +0 pair of gloves
SInv    .            (boots unavailable)
Will    .....        e - amulet of guardian spirit
Stlth   +            J - ring of protection from cold
HPRegen 0.31/turn    E - ring of protection from fire
MPRegen 0.14/turn

%: guardian spirit
@: flying quickly and evasively, quick
A: beak, talons 3, nimble flight
a: Renounce Religion, Recite, Vitalisation, Imprison, Sanctuary, Donate Gold


You were on level 5 of the Lair of Beasts.
You worshipped Zin.
Zin was extremely pleased with you.
You visited 2 branches of the dungeon, and saw 15 of its levels.
You also visited: Bailey.

You collected 846 gold pieces.
You donated 84 gold pieces to Zin.

Inventory:

Hand Weapons
 a - the +5 glaive of the Guard (weapon) {elec, spectral, AC+5}
   (You found it in a bailey)

   AC:        It affects your AC (+5).
 r - the +9 great mace of the Whelk {spect, Dex+2}
   (You acquired it on level 9 of the Dungeon)

   Dex:       It affects your dexterity (+2).
Armour
 f - a +0 pair of gloves (worn)
 j - a +2 cloak (worn)
 k - a +0 buckler
 m - +1 ice dragon scales
 x - a +2 leather armour of fire resistance
 A - +0 swamp dragon scales (worn)
Jewellery
 e - an amulet of guardian spirit (around neck)
 v - a ring of resist corrosion
 E - a ring of protection from fire (right hand)
 J - a ring of protection from cold (left hand)
Wands
 w - a wand of flame (46)
Scrolls
 b - 2 scrolls of poison
 d - 2 scrolls of vulnerability
 l - 4 scrolls of fear
 o - 6 scrolls of teleportation
 t - 3 scrolls of enchant weapon
 z - 2 scrolls of magic mapping
Potions
 g - a potion of might
 i - a potion of attraction
 n - a potion of cancellation
 p - 6 potions of mutation
 s - a potion of invisibility
 C - 2 potions of haste
 D - 3 potions of ambrosia
 H - 4 potions of curing
 I - 2 potions of magic


   Skills:
 - Level 3.6 Fighting
 - Level 16.6 Maces & Flails
 + Level 16.8 Polearms
 - Level 2.1 Ranged Weapons
 - Level 2.1 Dodging
 - Level 5.0 Shields
 - Level 1.0 Spellcasting
 - Level 2.1 Hexes


You had 14 spell levels left.
You didn't know any spells.
Your spell library contained the following spells:

 Spells                   Type           Power      Damage    Failure   Level
 Slow                     Hex            24%        N/A       22%         1
 Sandblast                Erth           0%         2d4       45%         1
 Confusing Touch          Hex            6%         N/A       54%         3
 Passwall                 Tmut/Erth      0%         N/A       61%         2
 Inner Flame              Hex/Fire       3%         N/A       69%         3
 Portal Projectile        Hex/Tloc       6%         N/A       69%         3
 Call Canine Familiar     Summ           0%         N/A       83%         3
 Hailstorm                Conj/Ice       0%         3d3       83%         3
 Stone Arrow              Conj/Erth      0%         3d7       83%         3
 Vampiric Draining        Necr           0%         2d6       83%         3
 Cause Fear               Hex            3%         N/A       91%         4
 Leda's Liquefaction      Hex/Erth       1%         N/A       97%         4
 Flame Wave               Conj/Fire      0%         2d4       99%         4
 Ice Form                 Ice/Tmut       0%         N/A       99%         4
 Manifold Assault         Tloc           0%         N/A       99%         4
 Sticky Flame             Conj/Fire      0%         2d3       99%         4
 Dispersal                Tloc           0%         N/A       100%        6
 Simulacrum               Ice/Necr       0%         N/A       100%        6
 Malign Gateway           Summ/Tloc      0%         N/A       100%        7
 Disjunction              Tloc           0%         N/A       100%        8
 Summon Horrible Things   Summ           0%         N/A       100%        8


Dungeon Overview and Level Annotations

Branches:
Dungeon (10/15)            Temple (0/1) D:6            Lair (5/5) D:8
 Shoals (0/4) Lair:2       Spider (0/4) Lair:2          Orc (0/2) D:9
 Bailey (visited)
  Slime: Lair:4-5

Altars:
Ashenzari
Gozag
Kikubaaqudgha
Nemelex Xobeh
Trog
Uskayaw
Yredelemnul
Zin
The Shining One


Innate Abilities, Weirdness & Mutations

You have a beak for a mouth.
You have claws for feet.
Your magical nature lets you fly swiftly and evasively.


Message History

Your +5 glaive of the Guard {elec, spectral, AC+5} closely misses the wolf.
The wolf closely misses you.
Reach: a) +5 glaive of the Guard {elec, spectral, AC+5}
Press: ? - help, Dir - move target, f/p - wolf
Aim: a wolf (severely wounded, about 46% to evade the +5 glaive of the Guard)
You completely miss the wolf. Your peck misses the wolf.
The wolf is severely wounded.
Your +5 glaive of the Guard {elec, spectral, AC+5} hits the wolf.
The wolf bites you but does no damage. The wolf closely misses you.
Reach: a) +5 glaive of the Guard {elec, spectral, AC+5}
Press: ? - help, Dir - move target, f/p - wolf
Aim: a wolf (severely wounded, about 46% to evade the +5 glaive of the Guard)
You miss the wolf. Your peck misses the wolf.
The wolf is severely wounded.
Your +5 glaive of the Guard {elec, spectral, AC+5} hits the wolf.
You kill the wolf!
You start resting.
Your +5 glaive of the Guard {elec, spectral, AC+5} disappears.
A komodo dragon is nearby!
The komodo dragon hisses angrily.
The cane toad croaks.
You slice the cane toad!!
Lightning courses through the cane toad!
You kill the cane toad!
You hear a croak.
You hear a loud, deep croak!
A blink frog comes into view.
Found an emerald ring.
The blink frog gives a loud, deep croak!
The blink frog croaks.
You see here a cane toad corpse.
The blink frog blinks!
A blink frog comes into view.
The blink frog closely misses you.
The blink frog attacks as you move away!
The blink frog hits you!
* * * LOW HITPOINT WARNING * * *
The wolf misses you.
The blink frog attacks as you move away!
The blink frog hits you!
You die...

#.###...h#P....#.# ....P
.........hl...... ......
........# .#. #.....
...##...# ####.## #.....
#P...###P##..###....P
##....#......##..=...
#......†......#....#
##.P.##.....##......
#.h@P##.....# #.....
.#.#..F###.##.## #.....
.....P.l.#†##### #......
.........F#..# .......
........................
...............F........
........................
........=...............
........................


You could see a komodo dragon, 2 blink frogs and a wolf.

Vanquished Creatures
  4 death yaks (Lair:1)
  2 two-headed ogres
  A skyshark (Lair:4)
  A pharaoh ant (Lair:2)
  Pikel (D:6)
  A manticore (Lair:2)
  4 black mambas
  A torpor snail (Lair:3)
  13 cane toads
  Maggie (D:7)
  A rime drake (D:7)
  5 komodo dragons
  A wind drake (Lair:2)
  3 tarantellas (Lair:2)
  A troll (D:10)
  15 blink frogs
  2 hornets
  8 dream sheep (Lair:3)
  7 spriggans (Bailey)
  2 wraiths
  2 wyverns
  A basilisk (Lair:5)
  28 yaks
  3 steam dragons
  8 water moccasins
  Duvessa (D:7)
  8 orc warriors
  3 ice beasts
  2 black bears
  A sky beast (D:7)
  2 ogres
  2 centaurs (D:9)
  12 wolves
  A phantom (D:5)
  2 kobold brigands
  9 bullfrogs
  5 scorpions
  14 wights
  Dowan (D:7)
  7 killer bees
  6 howler monkeys
  6 electric eels
  A jelly (D:8)
  3 hounds
  10 orc priests
  3 sleepcaps
  5 iguanas
  Ijyb (D:3)
  7 orc wizards
  Natasha (thrice) (D:3)
  8 gnolls
  9 adders
  2 white imps
  13 worms
  52 orcs
  5 bats
  6 endoplasms (D:2)
  4 giant cockroaches
  7 goblins
  7 hobgoblins
  2 quokkas
  5 ball pythons
  3 frilled lizards
  17 kobolds
  3 rats
  A rat zombie (D:3)
  A spectral weapon (Lair:2)
376 creatures vanquished.

Vanquished Creatures (others)
  3 spectral weapons
3 creatures vanquished.

Grand Total: 379 creatures vanquished

Notes
Turn   | Place    | Note
-------+----------+-------------------------------------------
     0 | D:1      | SnakkuSnakku7 the Tengu Hexslinger began the quest for the
                  | Orb.
     0 | D:1      | Reached XP level 1. HP: 12/12 MP: 3/3
    64 | D:1      | Reached XP level 2. HP: 15/17 MP: 4/4
   685 | D:2      | Reached XP level 3. HP: 22/22 MP: 5/5
  1048 | D:3      | Reached XP level 4. HP: 29/29 MP: 6/6
  1072 | D:3      | Reached skill level 1 in Maces & Flails
  1418 | D:3      | Noticed Natasha
  1422 | D:3      | Killed Natasha
  1589 | D:3      | Noticed Natasha
  1596 | D:3      | Killed Natasha
  1597 | D:3      | Gained mutation: Your magical nature lets you fly swiftly
                  | and evasively. [Tengu growth]
  1597 | D:3      | Reached XP level 5. HP: 22/33 MP: 3/7
  1724 | D:3      | Noticed Ijyb
  1741 | D:3      | Killed Ijyb
  1925 | D:3      | Noticed Natasha
  2022 | D:3      | Killed Natasha
  2201 | D:3      | Found an ancient bone altar of Kikubaaqudgha.
  2390 | D:4      | Reached XP level 6. HP: 33/38 MP: 8/8
  2488 | D:4      | Identified the +8 dagger of Diet Blood {spect, rCorr}
  2548 | D:3      | Reached skill level 5 in Maces & Flails
  2760 | D:4      | Reached XP level 7. HP: 39/42 MP: 9/9
  3209 | D:4      | Found a hide-covered altar of Uskayaw.
  3211 | D:4      | Found a broken altar of Ashenzari.
  3212 | D:4      | Found a basalt altar of Yredelemnul.
  3221 | D:4      | Found a glowing silver altar of Zin.
  3229 | D:4      | Became a worshipper of Zin the Law-Giver
  3229 | D:4      | Reached * piety under Zin
  3235 | D:4      | Found an opulent altar of Gozag.
  3342 | D:5      | Entered Level 5 of the Dungeon
  3449 | D:5      | Reached skill level 1 in Shields
  3484 | D:5      | Reached XP level 8. HP: 30/48 MP: 6/10
  3560 | D:5      | Found a glowing golden altar of the Shining One.
  3949 | D:6      | Reached ** piety under Zin
  4121 | D:6      | Found a bloodstained altar of Trog.
  4158 | D:6      | Found a staircase to the Ecumenical Temple.
  4913 | D:7      | Noticed Maggie
  5096 | D:7      | Reached skill level 5 in Shields
  5096 | D:7      | Reached XP level 9. HP: 52/52 MP: 11/11
  5097 | D:7      | Noticed a hornet
  5105 | D:7      | Killed a hornet
  5106 | D:7      | Reached skill level 10 in Maces & Flails
  5164 | D:7      | Killed Maggie
  5376 | D:7      | Noticed Pikel
  5476 | D:6      | Killed Pikel
  5780 | D:6      | Reached XP level 10. HP: 47/56 MP: 12/12
  6033 | D:7      | Noticed Dowan
  6060 | D:7      | Killed Dowan
  6076 | D:7      | Noticed Duvessa
  6132 | D:7      | Killed Duvessa
  6163 | D:7      | Reached *** piety under Zin
  6179 | D:7      | Found a sparkling altar of Nemelex Xobeh.
  7209 | D:8      | Found a staircase to the Lair.
  7500 | D:8      | Reached skill level 15 in Maces & Flails
  7683 | D:8      | Reached **** piety under Zin
  8105 | D:9      | Identified a scroll of acquirement
  8105 | D:9      | Acquired the +9 great mace of the Whelk {spect, Dex+2}
  8328 | D:9      | Found a flagged portal.
  8340 | Bailey   | Entered a bailey
  8508 | Bailey   | Noticed a two-headed ogre
  8512 | Bailey   | Killed a two-headed ogre
  8513 | Bailey   | Reached XP level 11. HP: 60/60 MP: 13/13
  8571 | Bailey   | Found the +5 glaive of the Guard {elec, spectral, AC+5}
  8581 | Bailey   | Reached skill level 1 in Polearms
  8769 | D:9      | Reached skill level 5 in Polearms
  8855 | D:9      | Noticed a two-headed ogre
  8867 | D:9      | Killed a two-headed ogre
  8918 | D:9      | Found a staircase to the Orcish Mines.
  9229 | D:10     | Entered Level 10 of the Dungeon
  9365 | D:10     | Reached ***** piety under Zin
  9969 | Lair:1   | Entered Level 1 of the Lair of Beasts
 10014 | Lair:1   | Noticed a death yak
 10014 | Lair:1   | Noticed a death yak
 10014 | Lair:1   | Noticed a death yak
 10014 | Lair:1   | Noticed a death yak
 10022 | Lair:1   | Killed a death yak
 10025 | Lair:1   | Killed a death yak
 10026 | Lair:1   | Reached XP level 12. HP: 42/66 MP: 8/14
 10028 | Lair:1   | Killed a death yak
 10029 | Lair:1   | Reached skill level 10 in Polearms
 10035 | Lair:1   | Killed a death yak
 11114 | Lair:2   | Found a staircase to the Shoals.
 11428 | Lair:2   | Found a hole to the Spider Nest.
 11432 | Lair:2   | Noticed a five-headed hydra
 12503 | Lair:3   | Reached XP level 13. HP: 56/70 MP: 12/15
 12765 | Lair:3   | Reached skill level 15 in Polearms
 13799 | Lair:5   | Entered Level 5 of the Lair of Beasts
 13903 | Lair:5   | Slain by a blink frog

Illustrated notes

Levels and vault maps discovered:
D:1:      evilmike_arrival_grusome_pit, layout_rooms
D:2:      layout_basic
D:3:      layout_basic, lemuel_zombie_altar_kikubaaqudgha, minmay_ruptured,
          uniq_natasha, uniq_ijyb
D:4:      layout_cave_pools, minmay_overflow_temple_star_hex, serial_rivers,
          chequers_serial_rivers_large_a, chequers_serial_rivers_micro_e,
          chequers_serial_rivers_micro_e, chequers_serial_rivers_small_3,
          hangedman_decor_peaks_small, serial_bayou_lagoon_a,
          nicolae_nh_ransacked_shop
D:5:      layout_rooms, tso_oasis_becter, nicolae_wormholes
D:6:      layout_gridville, general_overflow_altar, minmay_temple_entry_waves
D:7:      layout_cave_pools, nemelex_xobeh_ov_fountains_minmay, st_stairs_1,
          uniq_maggie, uniq_duvessa, uniq_pikel
D:8:      layout_layer_cave, hellmonk_lair_entry_icy
D:9:      layout_roguey, david_orc_5, enter_bailey_3, kennysheep_big_empty_room
D:10:     layout_basic
Lair:1:   layout_misc_corridors
Lair:2:   layout_cave_pods, minmay_shoals_entry_beasts,
          nicolae_spider_entry_lesser_pyramids, dreamdust_deal_with_the_devil
Lair:3:   layout_cave_pods, nicolae_quartered_pool_super
Lair:4:   layout_loops_ring, infiniplex_staircase_pool
Lair:5:   minmay_lair_end_enchanted_forest, layout_regular_city,
          nicolae_slime_entry_field_trip, hangedman_lair_unloving_vines,
          hibernation_bobbens

Skill      XL: |  1  2  3  4  5  6  7  8  9 10 11 12 13 |
---------------+----------------------------------------+-----
Fighting       | 2 3 |  3.6
Maces & Flails | 3 4 6 8 9 13 16 | 16.6
Shields        | 1 5 |  5.0
Polearms       | 9 14 16 | 16.8
Ranged Weapons | |  2.1
Dodging        | |  2.1
Spellcasting   | |  1.0
Hexes          | |  2.1

Action                     |  1- 3 |  4- 6 |  7- 9 | 10-12 | 13-15 || total
---------------------------+-------+-------+-------+-------+-------++-------
  Melee: Mace              |     3 |    14 |       |       |       ||    17
         Peck              |     2 |    14 |    76 |    97 |    17 ||   206
         Kick              |     1 |    24 |    86 |   140 |    34 ||   285
         Morningstar       |       |    71 |   315 |   204 |       ||   590
         Flail             |       |     5 |       |       |       ||     5
         Unarmed           |       |     4 |       |       |       ||     4
         Punch             |       |       |     1 |       |       ||     1
         Great mace        |       |       |       |    36 |       ||    36
         Glaive            |       |       |       |   231 |   117 ||   348
   Fire: Sling             |   111 |     2 |       |       |       ||   113
  Throw: Dart              |       |       |     1 |       |     1 ||     2
   Cast: Slow              |     1 |     4 |       |       |       ||     5
  Evoke: Wand              |       |       |     5 |    10 |     2 ||    17
    Use: Potion            |     1 |       |     1 |     8 |     1 ||    11
         Scroll            |       |     1 |     7 |    16 |     4 ||    28
   Stab: Invisible         |       |       |     3 |       |       ||     3
         Distracted        |       |       |       |       |     2 ||     2
 Armour: Robe              |    18 |     3 |       |       |       ||    21
         Leather armour    |       |    17 |    66 |       |       ||    83
         Swamp dragon scal |       |       |     9 |   121 |    44 ||   174
  Dodge: Dodged            |    44 |    71 |   190 |   224 |    53 ||   582
  Block: Buckler           |       |       |    46 |    48 |       ||    94
